 Dungeon Crawl Stone Soup version 0.23.1 (webtiles) character file.

Game seed: 13355549591189332285

158 Fang the Skirmisher (level 5, 0/49 HPs)
             Began as a Gargoyle Berserker on Mar 13, 2019.
             Was a Believer of Trog.
             Slain by a gnoll
             ... wielding a +0 spear
              (3 damage)
             ... on level 3 of the Dungeon.
             The game lasted 00:03:22 (3110 turns).

Fang the Skirmisher (Gargoyle Berserker)            Turns: 3110, Time: 00:03:23

Health: 0/49       AC:  6    Str: 27    XL:     5   Next: 39%
Magic:  5/5        EV: 12    Int:  7    God:    Trog [**....]
Gold:   135        SH:  0    Dex:  9    Spells: 4/4 levels left

rFire    . . .     SeeInvis .   a - +0 hand axe
rCold    . . .     Gourm    .   (no shield)
rNeg     + . .     Faith    .   b - +0 animal skin
rPois    ∞         Spirit   .   (no helmet)
rElec    +         Reflect  .   (no cloak)
rCorr    .         Harm     .   (no gloves)
MR       .....                  (no boots)
Stlth    ..........             (no amulet)
HPRegen  0.16/turn              (no ring)
MPRegen  0.09/turn              (no ring)

@: berserking (expiring), very quick
A: negative energy resistance 1, electricity resistance, unbreathing,
petrification resistance, rot immunity, AC +4
a: Berserk, Trog's Hand, Renounce Religion


You were on level 3 of the Dungeon.
You worshipped Trog.
Trog was pleased with you.
You were very hungry.

You visited 1 branch of the dungeon, and saw 3 of its levels.

You collected 135 gold pieces.

Inventory:

Hand Weapons
 a - a +0 hand axe (weapon)
Armour
 b - a +0 animal skin (worn)
Scrolls
 i - 4 scrolls of identify {unknown}
 k - 2 scrolls of teleportation {unknown}
 l - a scroll of magic mapping {unknown}
 m - 3 scrolls of amnesia {unknown}
 n - a scroll of random uselessness {unknown}
Potions
 d - a potion of curing {unknown}
 e - a potion of lignification {unknown}
 g - a potion of might {unknown}
 h - a potion of brilliance {unknown}
 j - a potion of mutation {unknown}
 o - 2 potions of cancellation {unknown}
Comestibles
 c - 6 rations
 f - 16 chunks of flesh


   Skills:
 + Level 4.3 Fighting
 + Level 3.5 Axes
 + Level 3.5 Armour
 + Level 2.5 Dodging


You had 4 spell levels left.
You didn't know any spells.
Your spell library was empty.

Dungeon Overview and Level Annotations

Branches:
Dungeon (3/15)

Altars:
Cheibriados
Fedhas
Nemelex Xobeh
Uskayaw
Xom


Innate Abilities, Weirdness & Mutations

You are resistant to torment.
Your stone body is resilient. (AC +4)
You are immune to poison.
You resist negative energy. (rN+)
You are resistant to electric shocks. (rElec)
You can survive without breathing.
You are immune to petrification.
You are immune to rotting.


Message History

You are too injured to fight recklessly!
You are too injured to fight recklessly!
You hit the gnoll.
The gnoll is moderately wounded.
You slash the gnoll! The gnoll hits you but does no damage.
The gnoll barely misses you.
You slash the gnoll!
You kill the gnoll!
Trog accepts your kill.
You hit the gnoll.
You kill the gnoll!
Trog accepts your kill. The gnoll hits you but does no damage.
You slash the goblin!
You kill the goblin!
Trog accepts your kill. The gnoll hits you but does no damage.
You feel a strong urge to attack something.
The gnoll hits you with a +0 spear.
You die...

#............# .#
#.#.##...#...# .#.####
#.#.#...>#...# .......
#.#.#........##.......
#.#.#..<⌠.⌠..........
###.#.##..._.........#
..........⌠.⌠$.......#
###.#.##.#..#...g....#
.##.#.......##).@....#
..#.......#...)).....#
..#....#..####.....$.#
..........# #.......#
..........# #.......#
..#.####### #.......#
..#.# .......## #.#.#
......... #.#.#


You could see a gnoll.

Vanquished Creatures
  Natasha (D:2)
  3 gnolls (D:3)
  3 adders (D:2)
  2 dart slugs
  A leopard gecko (D:2)
  4 orcs (D:3)
  2 giant cockroaches (D:3)
  9 goblins
  14 hobgoblins
  3 jackals
  3 quokkas
  7 bats
  3 frilled lizards (D:1)
  5 kobolds
  7 rats
67 creatures vanquished.

Notes
Turn   | Place    | Note
-------+----------+-------------------------------------------
     0 | D:1      | Fang the Gargoyle Berserker began the quest for the Orb.
     0 | D:1      | Reached XP level 1. HP: 14/14 MP: 1/1
   261 | D:1      | Reached XP level 2. HP: 16/19 MP: 2/2
   892 | D:1      | Reached ** piety under Trog
   892 | D:1      | Reached XP level 3. HP: 23/23 MP: 3/3
  1403 | D:2      | HP: 1/24 [adder (3)]
  1891 | D:2      | Found a snail-covered altar of Cheibriados.
  1895 | D:2      | Reached XP level 4. HP: 27/29 MP: 4/4
  1898 | D:2      | Found a shimmering altar of Xom.
  2055 | D:2      | Found a blossoming altar of Fedhas.
  2152 | D:2      | Reached skill level 4 in Fighting
  2288 | D:2      | Noticed Natasha
  2296 | D:2      | Killed Natasha
  2896 | D:3      | Noticed a +0 dagger
  2898 | D:3      | Noticed a +0 hand axe
  2899 | D:3      | Found a hide-covered altar of Uskayaw.
  2989 | D:3      | Reached XP level 5. HP: 33/33 MP: 5/5
  3080 | D:3      | Found a sparkling altar of Nemelex Xobeh.
  3110 | D:3      | Slain by a gnoll

Skill      XL: |  1  2  3  4 |
---------------+-------------+-----
Axes           | 3 |  3.5
Dodging        | 2 |  2.5
Armour         | 3 |  3.5
Fighting       | 4 |  4.3

Action                   |  1- 3 |  4- 6 || total
-------------------------+-------+-------++-------
Melee: Hand axe          |   133 |    98 ||   231
Invok: Berserk           |       |     1 ||     1
 Stab: Sleeping          |     1 |     1 ||     2
  Eat: Chunk             |     3 |     4 ||     7
Armor: Animal skin       |    65 |    36 ||   101
Dodge: Dodged            |   101 |    65 ||   166
